 Dungeon Crawl Stone Soup version 0.20.0-15-g7f486f2 (webtiles) character file.

11237 Azzok the Archer (level 11, -2/160 HPs)
             Began as a Centaur Berserker on June 15, 2017.
             Was an Elder of Trog.
             Succumbed to a spiny frog's poison
             ... on level 10 of the Dungeon.
             The game lasted 00:27:57 (15820 turns).

Azzok the Archer (Centaur Berserker)               Turns: 15820, Time: 00:27:58

Health: -2/160     AC: 10    Str: 25    XL:     11   Next: 46%
Magic:  12/12      EV:  5    Int:  6    God:    Trog [****..]
Gold:   737        SH:  0    Dex: 14    Spells: 10/10 levels left

rFire    . . .     SeeInvis .   a - +0 quarterstaff
rCold    + + .     Gourm    .   (shield currently unavailable)
rNeg     . . .     Faith    .   q - +0 plate armour
rPois    .         Spirit   .   r - +0 helmet
rElec    +         Reflect  .   d - scarf {repulsion}
rCorr    .         Harm     .   j - +0 pair of gloves
MR       .....                  (no barding)
Stlth    ..........             (no amulet)
Regen    0.4/turn               (no ring)
MPRegen  0.2/turn               J - ring "Eclecum" {rElec rC+ Dex+4}

@: berserking, lethally poisoned (-2 -> -43), repel missiles, very quick
A: hooves 3, cold resistance 1, deformed body, speed 2, high mp 1, tough skin 3,
weak 1
a: Berserk, Trog's Hand, Brothers in Arms, Burn Spellbooks, Renounce Religion


You were on level 10 of the Dungeon.
You worshipped Trog.
Trog was greatly pleased with you.
You were very hungry.

You visited 2 branches of the dungeon, and saw 11 of its levels.
You also visited: Sewer and Ossuary.

You collected 753 gold pieces.
You spent 16 gold pieces at shops.

Inventory:

Hand Weapons
 a - a +0 quarterstaff (weapon)
 b - a +0 longbow
 l - a +0 falchion
 V - a +3 scimitar of flaming
Missiles
 x - 279 arrows
Armour
 d - a scarf of repulsion (worn)
 j - a +0 pair of gloves (worn)
 q - a +0 plate armour (worn)
 r - a +0 helmet (worn)
Jewellery
 J - the ring "Eclecum" (right hand) {rElec rC+ Dex+4}
   (You found it on level 7 of the Dungeon)

   [ring of protection from cold]

   It affects your dexterity (+4).
   It protects you from cold.
   It insulates you from electricity.
Wands
 u - a wand of polymorph (7/24)
 F - a wand of clouds (8/9)
 L - a wand of enslavement (13/24)
 P - a wand of paralysis (12/24)
Scrolls
 e - a scroll of recharging
 f - 3 scrolls of fear {unknown}
 h - 2 scrolls of magic mapping {unknown}
 i - 4 scrolls of blinking {unknown}
 m - 5 scrolls of teleportation
 o - 2 scrolls of random uselessness {unknown}
 y - 3 scrolls of remove curse {unknown}
 E - 5 scrolls of enchant weapon {unknown}
 G - 4 scrolls of enchant armour
 I - a scroll of immolation {unknown}
 N - a scroll of holy word
 Q - a scroll of torment {unknown}
 S - 4 scrolls of identify
 U - a scroll of vulnerability {unknown}
Potions
 g - a potion of mutation {unknown}
 k - a potion of berserk rage {unknown}
 n - 2 potions of haste {unknown}
 p - 5 potions of curing
 s - 3 potions of agility
 t - 3 potions of might {unknown}
 v - 3 potions of brilliance {unknown}
 w - 3 potions of heal wounds {unknown}
 z - 5 potions of flight {unknown}
 A - 2 potions of invisibility {unknown}
 B - 2 potions of cancellation {unknown}
 H - 4 potions of lignification {unknown}
 K - 2 potions of ambrosia {unknown}
 O - a potion of resistance {unknown}
Books
 T - a book of Geomancy

   Spells                             Type                      Level
   a - Sandblast                      Earth                        1
   b - Passwall                       Transmutation/Earth          2
   c - Stone Arrow                    Conjuration/Earth            3
   d - Petrify                        Transmutation/Earth          4
   e - Lee's Rapid Deconstruction     Earth                        5
   Trog disapproves of the use of such an item.
Comestibles
 c - 7 bread rations
 C - 4 meat rations
 D - 10 fruits
 M - 5 royal jellies


   Skills:
 - Level 13.5 Fighting
 - Level 2.6 Long Blades
 + Level 14.9 Bows
 - Level 1.3 Armour
 - Level 1.3 Dodging


You had 10 spell levels left.
You didn't know any spells.

Dungeon Overview and Level Annotations

Branches:
Dungeon (10/15)            Temple (0/1) D:7            Lair (1/6) D:10
    Orc: D:9-12

Altars:
Ashenzari
Elyvilon
Gozag
Nemelex Xobeh
Okawaru
Ru
Uskayaw
Vehumet
Xom
The Shining One

Shops:
D:7 (

Annotations:
D:9 2 runed doors


Innate Abilities, Weirdness & Mutations

You have hooves in place of feet.
Armour fits poorly on your strangely shaped body.
You cover ground very quickly.
You have extremely tough skin. (AC +3)
Your flesh is cold resistant. (rC+)
You have an increased reservoir of magic. (+10% MP)
You are weak. (Str -2)


Message History

You are feeling very hungry.
You feel very sick. The spiny frog stings you.
* * * LOW HITPOINT WARNING * * *
You closely miss the spiny frog. You kick the spiny frog!
The spiny frog is moderately wounded.
You feel very sick. The spiny frog stings you!
* * * LOW HITPOINT WARNING * * *
You sock the spiny frog!
The spiny frog is heavily wounded.
* * * LOW HITPOINT WARNING * * *
You feel very sick. The spiny frog stings you!!
* * * LOW HITPOINT WARNING * * *
You are more poisoned.
The spiny frog poisons you!
You sock the spiny frog! Your kick misses the spiny frog.
The spiny frog is severely wounded.
You die...

▒·▒▒▒▒▒▒···········▒
▒·▒▒▒▒···P·········▒
▒·▒▒···PPPP···▒╬▒▒▒▒
▒÷▒···PPP·P·P·P·▒
▒)▒··P·P·······▒▒
▒···P·P··[P·P···▒▒▒▒▒
▒··P·P·▒▒'▒P·P······▒
▒···P··▒F·▒···P·····▒
▒·(P···▒@·▒··P······▒
▒▒··P·P▒▒▒▒PP·P·····▒ ▒
▒···P·PPP·PPP·P····▒ ▒
▒▒P··P···P······>··▒▒▒▒▒
▒····P···P·············
▒▒P··P··P·········▒▒▒▒▒
▒▒▒··············▒
▒▒▒▒····▒·▒▒▒▒▒▒
▒▒▒▒▒··▒


You could see a spiny frog.

Vanquished Creatures
  2 two-headed ogres (D:10)
  Erica (Lair:1)
  The ghost of Ic0n the Vandal, a novice HuHu of Okawaru (D:6)
  A black mamba (Lair:1)
  A spiny frog (Lair:1)
  The ghost of Torious the Conjurer, a novice DECj (D:5)
  A troll (D:8)
  4 hippogriffs
  Sigmund (D:2)
  4 hogs (D:7)
  A human (D:7)
  2 wyverns (D:9)
  A hungry ghost (D:9)
  A water moccasin (D:9)
  3 orc warriors
  10 porcupines
  3 sky beasts
  6 ogres
  3 black bears
  2 phantoms
  4 centaurs
  2 crocodiles
  An elf zombie (Ossuary)
  8 bullfrogs
  A big kobold (D:7)
  A gnoll sergeant (D:5)
  5 scorpions
  6 killer bees (D:7)
  2 howler monkeys
  2 crimson imps (D:10)
  A human zombie (Ossuary)
  3 hounds
  4 orc wizards
  7 orc priests
  3 jellies
  2 bullfrog skeletons
  A centaur skeleton (D:8)
  4 iguanas
  9 worker ants
  A hound zombie (Ossuary)
  4 mummies (Ossuary)
  A worker ant zombie (D:8)
  Robin (D:2)
  13 gnolls
  11 adders
  A shadow imp (D:7)
  2 oozes
  3 adder zombies
  An adder skeleton (D:9)
  2 worms
  8 leopard geckos
  25 orcs
  9 giant cockroaches
  12 goblins
  5 hobgoblins
  4 jackals
  3 quokkas
  4 ball pythons
  2 bats
  8 frilled lizards
  2 gnoll zombies (Ossuary)
  A goblin zombie (Ossuary)
  12 kobolds
  2 kobold zombies (Ossuary)
  4 rats
  2 rat zombies (Ossuary)
  2 fungi (D:7)
260 creatures vanquished.

Notes
Turn   | Place    | Note
-------+----------+-------------------------------------------
     0 | D:1      | Azzok the Centaur Berserker began the quest for the Orb.
     0 | D:1      | Reached XP level 1. HP: 19/19 MP: 1/1
   290 | D:1      | Reached XP level 2. HP: 26/26 MP: 2/2
  1098 | D:2      | Noticed Sigmund
  1107 | D:2      | Killed Sigmund
  1107 | D:2      | Reached XP level 3. HP: 35/37 MP: 3/3
  1107 | D:2      | Reached XP level 4. HP: 42/44 MP: 4/4
  1107 | D:2      | Reached XP level 5. HP: 48/50 MP: 5/5
  1282 | D:2      | Noticed Robin
  1301 | D:2      | Reached ** piety under Trog
  1334 | D:2      | Killed Robin
  1811 | D:3      | Found a shattered altar of Ashenzari.
  1845 | D:3      | Found a glowing golden altar of the Shining One.
  2125 | D:3      | Reached XP level 6. HP: 40/58 MP: 6/6
  2420 | D:3      | Found an iron altar of Okawaru.
  2774 | D:4      | Found a shimmering altar of Xom.
  2806 | D:4      | Reached *** piety under Trog
  2979 | D:4      | Reached skill level 1 in Bows
  3007 | D:4      | Found a sand-covered staircase.
  3016 | Ossuary  | Entered an ossuary
  3024 | Ossuary  | Reached skill level 2 in Bows
  3035 | Ossuary  | Reached XP level 7. HP: 53/67 MP: 7/7
  3036 | Ossuary  | Received a gift from Trog
  3088 | Ossuary  | Reached skill level 3 in Bows
  3094 | Ossuary  | HP: 3/68 [mummy (11)]
  3852 | D:4      | Found a sacrificial altar of Ru.
  3857 | D:4      | Received a gift from Trog
  4036 | D:4      | Reached skill level 4 in Bows
  4190 | D:5      | Entered Level 5 of the Dungeon
  4432 | D:5      | Reached skill level 5 in Bows
  4739 | D:5      | Reached XP level 8. HP: 56/77 MP: 8/8
  4797 | D:5      | Gained mutation: Your flesh is cold resistant. (rC+) [mutagenic meat]
  4799 | D:5      | Gained mutation: You have an increased reservoir of magic. (+10% MP) [mutagenic meat]
  4801 | D:5      | Gained mutation: You are weak. (Str -2) [mutagenic meat]
  4973 | D:5      | Reached skill level 6 in Bows
  5498 | D:5      | Noticed Torious's ghost (novice DECj)
  5597 | D:4      | Reached skill level 7 in Bows
  6232 | D:5      | Killed Torious's ghost
  6464 | D:6      | Found a glowing drain.
  6468 | Sewer    | Entered a sewer
  6485 | Sewer    | Reached skill level 8 in Bows
  6968 | D:6      | Reached skill level 10 in Fighting
  6986 | D:6      | Reached **** piety under Trog
  7056 | D:6      | Noticed Ic0n's ghost (novice HuHu)
  7338 | D:6      | Killed Ic0n's ghost
  7338 | D:6      | Reached skill level 9 in Bows
  7338 | D:6      | Reached XP level 9. HP: 86/86 MP: 9/9
  7963 | D:6      | Reached skill level 10 in Bows
  8604 | D:7      | HP: 6/129 [crocodile (2)]
  9262 | D:7      | Got a flickering silver ring
  9263 | D:7      | Identified the ring "Eclecum" {rElec rC+ Dex+4} (You found it on level 7 of the Dungeon)
  9282 | D:7      | Found a staircase to the Ecumenical Temple.
  9451 | D:7      | Reached skill level 11 in Bows
  9551 | D:7      | Received a gift from Trog
  9998 | D:7      | Reached XP level 10. HP: 96/96 MP: 11/11
 10156 | D:7      | HP: 2/96 [hog (8)]
 10977 | D:7      | Found Kiomaf's Weapon Boutique.
 10980 | D:7      | Bought 7 arrows for 16 gold pieces
 11124 | D:8      | Reached skill level 12 in Bows
 11369 | D:8      | Found a hide-covered altar of Uskayaw.
 12074 | D:8      | Found an opulent altar of Gozag.
 12074 | D:8      | Found a radiant altar of Vehumet.
 12871 | D:9      | Found a white marble altar of Elyvilon.
 12986 | D:9      | Found a sparkling altar of Nemelex Xobeh.
 13204 | D:9      | Found a runed door.
 13204 | D:9      | Noticed a fire dragon
 13207 | D:9      | Noticed an ice dragon
 13207 | D:9      | Noticed a fire dragon
 13208 | D:9      | Noticed an ice dragon
 13220 | D:9      | Found a runed door.
 13664 | D:10     | Entered Level 10 of the Dungeon
 13678 | D:10     | Reached skill level 13 in Bows
 13884 | D:10     | Received a gift from Trog
 13975 | D:10     | Found a staircase to the Lair.
 14053 | D:10     | Noticed a two-headed ogre
 14074 | D:10     | Killed a two-headed ogre
 14074 | D:10     | Reached XP level 11. HP: 86/107 MP: 12/12
 14181 | D:10     | Noticed a two-headed ogre
 14191 | D:10     | Killed a two-headed ogre
 14636 | D:10     | Reached skill level 14 in Bows
 14924 | Lair:1   | Entered Level 1 of the Lair of Beasts
 15301 | Lair:1   | Got a warped ivory ring
 15302 | Lair:1   | Identified the ring of Attitude {Wiz +Blink +Fly rElec} (You found it on level 1 of the Lair of Beasts)
 15366 | Lair:1   | Noticed Erica
 15548 | Lair:1   | Killed Erica
 15819 | D:10     | HP: 1/160 [spiny frog (21)]
 15820 | D:10     | Succumbed to a spiny frog's poison

Skill      XL: |  1  2  3  4  5  6  7  8  9 10 11 |
---------------+----------------------------------+-----
Fighting       | 6 7 8 10 11 13 | 13.5
Bows           | 2 5 9 11 13 14 | 14.9
Long Blades    | |  2.6
Armour         | |  1.3
Dodging        | |  1.3

Action                   |  1- 3 |  4- 6 |  7- 9 | 10-12 || total
-------------------------+-------+-------+-------+-------++-------
Melee: Falchion          |    53 |       |       |       ||    53
       Kick              |     8 |    41 |   124 |    75 ||   248
       Quarterstaff      |     5 |   180 |   464 |   198 ||   847
 Fire: Longbow           |       |       |    37 |    97 ||   134
Invok: Berserk           |     1 |     3 |    12 |    12 ||    28
       Trog's Hand       |       |       |     2 |       ||     2
  Use: Potion            |       |       |     1 |     1 ||     2
       Scroll            |       |       |       |     6 ||     6
  Eat: Chunk             |       |     8 |    29 |    27 ||    64
       Fruit             |       |       |     8 |       ||     8
       Royal jelly       |       |       |       |     1 ||     1
Armor: Animal skin       |     8 |       |       |       ||     8
       Ring mail         |    10 |       |       |       ||    10
       Plate armour      |       |   155 |   401 |   161 ||   717
Dodge: Dodged            |    34 |    43 |   107 |    59 ||   243
       Deflected         |       |       |       |     1 ||     1
       Rpst.: Falchion   |    16 |       |       |       ||    16
